 Dungeon Crawl Stone Soup version 0.31-a0-210-gccc998df9b (webtiles) character file.

Game seed: 11608382211416700767

44 qw the Chopper (level 3, 0/23 HPs)
             Began as a Gargoyle Fighter on June 29, 2023.
             Slain by an orc wizard
             ... wielding a +0 dagger
              (3 damage)
             ... on level 2 of the Dungeon.
             The game lasted 00:00:46 (1158 turns).

qw the Chopper (Gargoyle Fighter)                   Turns: 1158, Time: 00:00:47

Health: 0/23       AC: 10    Str: 21    XL:     3   Next: 62%
Magic:  3/3        EV:  9    Int:  8    God:
Gold:   44         SH:  4    Dex:  9    Spells: 2/2 levels left

rFire   . . .        Y - +0 war axe
rCold   . . .        c - +0 buckler
rNeg    + . .        b - +0 scale mail
rPois   inf          (no helmet)
rElec   +            (no cloak)
rCorr   .            (no gloves)
SInv    .            (no boots)
Will    .....        g - amulet of the acrobat Stlth
                     (no ring)
HPRegen 0.23/turn    (no ring)
MPRegen 0.08/turn

%: acrobat
@: no status effects
A: sickness immunity, AC +3, negative energy resistance 1, electricity
resistance, torment resistance 1, petrification resistance
a: no special abilities


You were on level 2 of the Dungeon.
You visited 1 branch of the dungeon, and saw 2 of its levels.

You collected 74 gold pieces.
You spent 30 gold pieces at shops.


Innate Abilities, Weirdness & Mutations

You are immune to sickness and miasma.
Your stone body is resilient. (AC +3)
You are immune to poison.
You resist negative energy. (rN+)
You are resistant to electric shocks. (rElec)
You are resistant to unholy torment.
You are immune to petrification.


   Skills:
 - Level 3.2 Fighting
 + Level 3.5 Axes
 - Level 3.2 Armour
 - Level 3.2 Shields


You had 2 spell levels left.
You didn't know any spells.
Your spell library was empty.

Inventory:

Hand Weapons
 k - a +0 whip
 l - a +0 antimagic whip
 Y - a +0 war axe (weapon)
Armour
 b - a +0 scale mail (worn)
 c - a +0 buckler (worn)
Jewellery
 g - an amulet of the acrobat (around neck)
Scrolls
 a - a scroll of identify
 e - a scroll of fear {unknown}
Potions
 d - 3 potions of might
 f - a potion of haste {unknown}
 h - a potion of mutation {unknown}
 j - a potion of heal wounds {unknown}

Dungeon Overview and Level Annotations

Branches:
Dungeon (2/15)

Altars:

Shops:
D:1 [   D:2 !


Message History

The orc wizard hits you with a +0 dagger.
The orc wizard casts a spell.
The orc wizard flickers and vanishes!
Deactivating autopickup; reactivate with Ctrl-A.
Something hits you but does no damage. Something hits you.
Something misses you. Something hits you but does no damage.
Something hits you but does no damage. Something hits you but does no damage.
Something hits you. Something closely misses you. Something closely misses you.
Something hits you but does no damage. Something hits you but does no damage.
You hear some strange, mumbled words.
A puff of flame appears from out of thin air!
The puff of flame hits you! Something hits you but does no damage.
Something hits you. Something hits you but does no damage.
The rat twitches its whiskers.
Something barely misses you.
You feel less confused. Something hits you.
You miss something. Something completely misses you.
You hit something but do no damage. Something hits you.
You barely miss something. Something hits you but does no damage.
You hear some strange, mumbled words.
Something tries to affect you, but you resist.
You closely miss something. Something hits you but does no damage.
You closely miss something. Something hits you but does no damage.
You closely miss something. Something hits you but does no damage.
Something hits you.
You die...

#.........####...###
#..........###...###
.............%.....#
.............#...###
.............#...#
.................###
.o...o.)r..........#
.......#{#.###.#####
......##@#.# #.#
...... #.#.# #.#
..... #...# #.#
.#o.o #.#.# #.# #..
#.#.# ## ... #.###
#.# #.#


You could see a rat.

Vanquished Creatures
  A worm (D:2)
  3 dart slugs
  3 orcs (D:2)
  2 bats
  3 goblins
  3 hobgoblins
  4 jackals (D:1)
  2 quokkas (D:1)
  A ball python (D:1)
  2 frilled lizards (D:1)
  3 kobolds (D:1)
  3 rats
30 creatures vanquished.

Notes
Turn   | Place    | Note
-------+----------+-------------------------------------------
     0 | D:1      | qw the Gargoyle Fighter began the quest for the Orb.
     0 | D:1      | Reached XP level 1. HP: 14/14 MP: 1/1
     0 | D:1      | 0 ||| qw: Version: 0.3-a-24-ga2abf7b
     0 | D:1      | 0 ||| qw: Game counter: 6994
     0 | D:1      | 0 ||| qw: Melee chars always use a shield: true
     0 | D:1      | 0 ||| qw: God list: Okawaru
     0 | D:1      | 0 ||| qw: Allow faded altars: false
     0 | D:1      | 0 ||| qw: Do Orc after clearing Dungeon:15 true
     0 | D:1      | 0 ||| qw: Do second Lair branch before Depths: true
     0 | D:1      | 0 ||| qw: Lair rune preference: random
     0 | D:1      | 0 ||| qw: Goals: Normal, Zot:1-4, Slime:5, God:TSO, Crypt,
                  | Tomb, Abyss, Pan, Hells, Win
     0 | D:1      | 0 ||| PLANNING D:1-11
   146 | D:1      | 146 ||| Stepping ~*~*~tactically~*~*~ (stealth).
   157 | D:1      | Reached XP level 2. HP: 16/19 MP: 2/2
   184 | D:1      | 184 ||| Stepping ~*~*~tactically~*~*~ (hiding).
   185 | D:1      | 185 ||| Stepping ~*~*~tactically~*~*~ (hiding).
   323 | D:1      | Found Zafegywk's Antique Armour Shop.
   335 | D:1      | 335 ||| SHOPLISTING chain mail (112 gold, have 23).
   335 | D:1      | 335 ||| SHOPLISTING dyed leather armour (125 gold, have
                  | 23).
   335 | D:1      | 335 ||| SHOPLISTING glowing chain mail (187 gold, have 23).
   335 | D:1      | 335 ||| SHOPLISTING helmet (112 gold, have 23).
   335 | D:1      | 335 ||| SHOPLISTING jewelled ice dragon scales (1625 gold,
                  | have 23).
   335 | D:1      | 335 ||| SHOPLISTING runed cloak (187 gold, have 23).
   514 | D:1      | Reached skill level 3 in Axes
   519 | D:1      | 519 ||| Stepping ~*~*~tactically~*~*~ (stealth).
   543 | D:1      | 543 ||| Stepping ~*~*~tactically~*~*~ (stealth).
   544 | D:1      | 544 ||| Stepping ~*~*~tactically~*~*~ (stealth).
   546 | D:1      | 546 ||| Stepping ~*~*~tactically~*~*~ (stealth).
   560 | D:1      | 560 ||| DROPPING +0 club.
   606 | D:1      | Reached XP level 3. HP: 22/23 MP: 3/3
   842 | D:1      | 842 ||| DROPPING +0 scale mail of poison resistance.
   843 | D:1      | 843 ||| UPGRADING to amulet of the acrobat.
   848 | D:1      | 848 ||| READING 2 scrolls labelled QEDUZU PIYFA.
   849 | D:1      | 849 ||| DRINKING 2 pink potions.
   858 | D:2      | Found Eghoph's Distillery.
   887 | D:2      | 887 ||| SHOPLISTING potion of cancellation (80 gold, have
                  | 47).
   887 | D:2      | 887 ||| BUYING potion of curing (30 gold).
   887 | D:2      | Bought a potion of curing for 30 gold pieces
   887 | D:2      | 887 ||| SHOPLISTING potion of curing (30 gold, have 17).
   887 | D:2      | 887 ||| SHOPLISTING potion of experience (500 gold, have
                  | 17).
   887 | D:2      | 887 ||| SHOPLISTING potion of haste (100 gold, have 17).
   887 | D:2      | 887 ||| SHOPLISTING potion of heal wounds (50 gold, have
                  | 17).
   887 | D:2      | 887 ||| SHOPLISTING potion of magic (80 gold, have 17).
  1081 | D:2      | 1081 ||| Stepping ~*~*~tactically~*~*~ (hiding).
  1092 | D:2      | 1092 ||| Stepping ~*~*~tactically~*~*~ (stealth).
  1093 | D:2      | 1093 ||| Stepping randomly (disturbance).
  1107 | D:2      | 1107 ||| DRINKING 2 potions of curing.
  1107 | D:2      | 1107 ||| (to cure confusion)
  1109 | D:2      | 1109 ||| DRINKING potion of curing.
  1109 | D:2      | 1109 ||| (to cure confusion)
  1149 | D:2      | HP: 5/23 [something (2)]
  1154 | D:2      | HP: 1/23 [something (2)]
  1158 | D:2      | Slain by an orc wizard

Levels and vault maps discovered:
D:1:      scummos_arrival_star, layout_loops_ring, serial_shops,
          nicolae_square_shop
D:2:      layout_basic, serial_shops, nicolae_shop_waterfront

Skill      XL: |  1  2 |
---------------+-------+-----
Axes           | 2 3 |  3.5
Fighting       | |  3.2
Armour         | |  3.2
Shields        | |  3.2

Action                     || total
---------------------------++-------
  Melee: War axe           ||   121
    Use: Potion            ||     3
         Scroll            ||     1
 Armour: Scale mail        ||    70
  Dodge: Dodged            ||    59
  Block: Buckler           ||    25

Table legend:
 A = Non-vault XP
 B = Vault XP
 C = Vault XP percentage of total XP
 D = Non-vault monster count
 E = Vault monster count
 F = Vault count percentage of total count
                 A         B        C        D         E       F
            +---------+---------+-------+---------+---------+-------
      Total |      64 |       0 |   0.0 |      30 |       0 |   0.0
            +---------+---------+-------+---------+---------+-------
        D:1 |      35 |       0 |   0.0 |      19 |       0 |   0.0
        D:2 |      29 |       0 |   0.0 |      11 |       0 |   0.0
            +---------+---------+-------+---------+---------+-------
